 Dungeon Crawl Stone Soup version 0.25.1-2-g60ff931df9 (webtiles) character file.

Game seed: 15596545616544133069

44 lonewolf22212 the Magician (level 3, 0/31 HPs)
             Began as a Troll Wizard on Oct 12, 2020.
             Succumbed to a worker ant's poison
             ... on level 4 of the Dungeon on Nov 9, 2020.
             The game lasted 00:09:36 (1583 turns).

lonewolf22212 the Magician (Troll Wizard)           Turns: 1583, Time: 00:09:36

Health: 0/31       AC:  6    Str: 16    XL:     3   Next: 39%
Magic:  2/5        EV: 10    Int: 14    God:
Gold:   48         SH:  0    Dex:  8    Spells: 0/6 levels left

rFire    . . .     SeeInvis .     - Unarmed
rCold    . . .     Gourm    +   (no shield)
rNeg     . . .     Faith    .   a - +0 robe
rPois    .         Spirit   .   b - +0 hat
rElec    .         Reflect  .   (no cloak)
rCorr    .         Harm     .   (gloves unavailable)
MR       .....                  (boots unavailable)
Stlth    +.........             (no amulet)
HPRegen  0.50/turn              (no ring)
MPRegen  0.09/turn              (no ring)

@: lethally poisoned (0 -> -2), very slightly contaminated
A: large, unfitting armour, claws 3, fast metabolism 3, gourmand, regeneration
1, shaggy fur 1, tough skin 3
a: no special abilities


You were on level 4 of the Dungeon.
You were completely stuffed.

You visited 1 branch of the dungeon, and saw 3 of its levels.

You collected 48 gold pieces.

Inventory:

Armour
 a - a +0 robe (worn)
 b - a +0 hat (worn)
Scrolls
 c - a scroll of magic mapping {unknown}
 e - a scroll of remove curse {unknown}
 f - a scroll of random uselessness {unknown}
Potions
 g - a potion of heal wounds {unknown}
Comestibles
 d - 4 rations


   Skills:
 + Level 2.0 Dodging
 + Level 1.2 Stealth
 + Level 1.0 Unarmed Combat
 + Level 2.4 Spellcasting
 + Level 0.6 Conjurations
 + Level 0.7 Summonings
   Level 0.6 Translocations


You couldn't memorise any spells.
You knew the following spells:

 Your Spells              Type           Power        Failure   Level  Hunger
a - Magic Dart            Conj           #...         19%         1    #......
b - Call Imp              Summ           #.......     26%         2    ###....
c - Conjure Flame         Conj/Fire      #.......     52%         3    ###....

Your spell library contained the following spells:

 Spells                   Type           Power        Failure   Level  Hunger
 Blink                    Tloc           N/A          26%         2    ###....
 Slow                     Hex            #.......     34%         2    ###....
 Mephitic Cloud           Conj/Pois/Air  #.......     54%         3    ###....


Dungeon Overview and Level Annotations

Branches:
Dungeon (2/15)

Altars:


Innate Abilities, Weirdness & Mutations

You are too large for most types of armour.
You have claws for hands.
Your metabolism is lightning-fast.
You like to eat raw meat.
Your natural rate of healing is unusually fast.
You are covered in fur. (AC +1)
You have extremely tough skin. (AC +3)


Message History

The worker ant is lightly wounded.
You feel sick. The worker ant bites you.
The worker ant bites you but does no damage.
You scratch the worker ant.
The worker ant is heavily wounded.
The giant cockroach bites you. The worker ant closely misses you.
You scratch the worker ant.
The worker ant is almost dead.
The giant cockroach bites you but does no damage.
The worker ant bites you.
You are more poisoned.
The worker ant poisons you!
Casting: Call Imp (quite dangerous; 26% risk of failure)
Confirm with . or Enter, or press ? or * to list all spells.
The spell is extremely dangerous to cast (52% risk of failure)!
Continue anyway?
You miscast Conjure Flame.
You are very lightly contaminated with residual magic.
You are blasted with magical energy!
* * * LOW HITPOINT WARNING * * *
You die...

#.... #.....
#.....# #
##.....# ..#
##.....#
#...####.....####
#.............#
#[.os@.......
...oo###.a.......


.oo ##........ . #........ ####..... ##### You could see a worker ant, an orc
wizard, 2 orcs and a giant cockroach.

Vanquished Creatures
  A dart slug (D:1)
  4 leopard geckos (D:1)
  5 goblins (D:1)
  6 hobgoblins (D:1)
  7 jackals (D:1)
  A bat (D:1)
  A frilled lizard (D:1)
  6 kobolds (D:1)
  4 rats
35 creatures vanquished.

Notes
Turn   | Place    | Note
-------+----------+-------------------------------------------
     0 | D:1      | lonewolf22212 the Troll Wizard began the quest for the Orb.
     0 | D:1      | Reached XP level 1. HP: 16/16 MP: 2/2
   202 | D:1      | Reached XP level 2. HP: 16/24 MP: 4/4
   350 | D:1      | Learned a level 2 spell: Call Imp
   441 | D:1      | Reached XP level 3. HP: 27/31 MP: 3/5
   453 | D:1      | Learned a level 3 spell: Conjure Flame
  1551 | D:2      | Reached skill level 1 in Unarmed Combat
  1575 | D:2      | You fall into a shaft and drop 2 floors!
  1583 | D:4      | HP: 1/31 [something (13)]
  1583 | D:4      | Succumbed to a worker ant's poison

Illustrated notes

Levels and vault maps discovered:
D:1:      dpeg_arrival_stone_temple_mockup, layout_basic, nrook_campfire,
          corexii_corridor_pit
D:2:      layout_basic, gammafunk_temple_overflow_arena, minmay_tetromino_t2,
          uniq_natasha
D:4:      minmay_octagon_keep, layout_cave_pods, minmay_fire_ice_demons,
          uniq_edmund, uniq_sigmund

Skill      XL: |  1  2  3 |
---------------+----------+-----
Dodging        | 2 |  2.0
Unarmed Combat | 1 |  1.0
Stealth        | |  1.2
Spellcasting   | |  2.4
Conjurations   | |  0.6
Summonings     | |  0.7
Translocations | |  0.6

Action                   || total
-------------------------++-------
Melee: Unarmed           ||   131
 Cast: Call Imp          ||     6
       Conjure Flame     ||     5
 Stab: Sleeping          ||     1
  Eat: Chunk             ||    22
Armor: Robe              ||    51
Dodge: Dodged            ||    74
